 Dungeon Crawl Stone Soup version 0.20.0-15-g7f486f2 (webtiles) character file.

1833 vishdafish the Shield-Bearer (level 9, 0/53 HPs)
             Began as a Gargoyle Fighter on June 25, 2017.
             Was a Priest of Okawaru.
             Killed by divine providence
             ... invoked by an orc priest
              (12 damage)
             ... on level 6 of the Dungeon.
             The game lasted 00:12:50 (6322 turns).

vishdafish the Shield-Bearer (Gargoyle Fighter)     Turns: 6322, Time: 00:12:50

Health: 0/53       AC: 17    Str: 27    XL:     9   Next: 11%
Magic:  12/12      EV:  9    Int:  8    God:    Okawaru [***...]
Gold:   254        SH: 15    Dex: 11    Spells: 8/8 levels left

rFire    . . .     SeeInvis .   a - +0 flail
rCold    + . .     Gourm    .   c - +0 shield
rNeg     + . .     Faith    .   r - +2 scale mail {rF+}
rPois    ∞         Spirit   .   f - +0 helmet
rElec    +         Reflect  +   C - +0 cloak
rCorr    .         Harm     .   (no gloves)
MR       .....                  (no boots)
Stlth    ..........             d - +4 amulet of reflection
Regen    0.2/turn               y - ring of flight
MPRegen  0.2/turn               z - ring of ice

@: mighty
A: mutation resistance 1, negative energy resistance 1, electricity resistance,
unbreathing, petrification resistance, rot immunity, AC +5
a: Heroism, Renounce Religion, Evoke Flight


You were on level 6 of the Dungeon.
You worshipped Okawaru.
Okawaru was most pleased with you.
You were not hungry.

You visited 1 branch of the dungeon, and saw 6 of its levels.
You also visited: Sewer.

You collected 254 gold pieces.

Inventory:

Hand Weapons
 a - a +0 flail (weapon)
Armour
 c - a +0 shield (worn)
 f - a +0 helmet (worn)
 r - a +2 scale mail of fire resistance (worn)
 C - a +0 cloak (worn)
Jewellery
 d - a +4 amulet of reflection (around neck)
 l - an uncursed amulet of guardian spirit
 y - a ring of flight (left hand)
 z - a ring of ice (right hand)
Wands
 o - a wand of random effects (14/48)
 x - a wand of iceblast (9/15)
Scrolls
 b - 2 scrolls of magic mapping {unknown}
 e - 3 scrolls of amnesia
 g - 7 scrolls of remove curse
 i - 2 scrolls of recharging
 j - 2 scrolls of immolation {unknown}
 k - a scroll of noise {unknown}
 p - a scroll of random uselessness {unknown}
 q - 4 scrolls of teleportation
 u - a scroll of blinking {unknown}
Potions
 h - a potion of resistance
 m - a potion of agility
 n - a potion of lignification
 s - 2 potions of magic {unknown}
 v - a potion of curing
 B - a potion of haste {unknown}
Comestibles
 t - 2 bread rations
 w - 2 royal jellies
 D - 5 fruits


   Skills:
 + Level 4.8 Fighting
 + Level 6.6 Maces & Flails
 + Level 5.9 Armour
 + Level 2.6 Dodging
 - Level 0.2 Stealth
 + Level 6.9 Shields
 * Level 4.3 Invocations


You had 8 spell levels left.
You didn't know any spells.

Dungeon Overview and Level Annotations

Branches:
Dungeon (6/15)             Temple (0/1) D:4

Altars:
Elyvilon
Gozag
Makhleb
Okawaru
Vehumet
Xom
Yredelemnul
Zin
The Shining One

Annotations:
D:5 exclusion: statue


Innate Abilities, Weirdness & Mutations

You are resistant to torment.
Your stone body is resilient. (AC +5)
You are immune to poison.
You resist negative energy. (rN+)
You are resistant to electric shocks. (rElec)
You can survive without breathing.
You are immune to petrification.
You are immune to rotting.
You are somewhat resistant to further mutation.


Message History

Okawaru accepts your kill.
Okawaru will gift you ammunition as your piety grows.
You block the orc's attack.
You barely miss the orc. You block the orc's attack.
You bludgeon the orc!!
You kill the orc!
Okawaru accepts your kill.
The orc priest calls down the wrath of Beogh upon you.
Beogh smites you!
* * * LOW HITPOINT WARNING * * *
The orc hits you but does no damage.
The orc priest hits you but does no damage.
You block the orc's attack.
Things that are here:
a hand axe; an orc corpse You sock the orc priest!
The orc priest is almost dead.
The orc priest invokes the aid of Beogh against you.
Beogh smites you!
You die...

### . ... ##. #.## #..
######..# # #.# ...
...###..# ###.# #
##.##o......# ..#.#
#.#...#@##.##.# #.#.#
#......o#...#.#
#.#.#####..#.$.........#
#...##.....##...#....#.##
#..###........#.....##..
#.........##.....#......#
.....<....#....#...##.#.#
##..................#...#
#.....)..#...#........#


You could see an orc priest and an orc.

Vanquished Creatures
  The ghost of vishdafish the Shield-Bearer, an amateur GrFi (D:4)
  A water moccasin (D:5)
  2 orc warriors
  A sky beast (D:6)
  A black bear (D:5)
  An ice beast (D:5)
  A phantom (D:6)
  An ogre (D:4)
  A centaur (D:6)
  A bullfrog (D:6)
  A wyvern zombie (D:6)
  A crimson imp (D:4)
  A bullfrog zombie (D:6)
  A hound (D:4)
  3 orc wizards
  An orc priest (D:3)
  A jelly (D:5)
  A bullfrog skeleton (D:6)
  Ijyb (D:2)
  6 worker ants
  A howler monkey zombie (D:5)
  Robin (D:4)
  3 gnolls (D:6)
  9 adders
  2 river rats (D:4)
  7 worms
  A dart slug (D:1)
  5 leopard geckos
  20 orcs
  7 ball pythons
  5 bats
  8 giant cockroaches
  7 hobgoblins
  24 jackals
  2 quokkas (D:2)
  5 frilled lizards
  19 goblins
  9 kobolds
  A leopard gecko skeleton (D:6)
  A leopard gecko zombie (D:5)
  10 rats
  A spectral orc (D:4)
  A plant (Sewer)
177 creatures vanquished.

Notes
Turn   | Place    | Note
-------+----------+-------------------------------------------
     0 | D:1      | vishdafish the Gargoyle Fighter began the quest for the Orb.
     0 | D:1      | Reached XP level 1. HP: 14/14 MP: 1/1
   383 | D:1      | Reached XP level 2. HP: 17/19 MP: 2/2
   673 | D:1      | Reached XP level 3. HP: 21/23 MP: 3/3
  1271 | D:2      | Reached XP level 4. HP: 25/28 MP: 4/4
  1342 | D:2      | Noticed Ijyb
  1462 | D:2      | Killed Ijyb
  1753 | D:2      | Reached XP level 5. HP: 26/32 MP: 5/5
  1879 | D:3      | Reached skill level 1 in Dodging
  2052 | D:3      | Found a white marble altar of Elyvilon.
  2170 | D:3      | Found an iron altar of Okawaru.
  2173 | D:3      | Found a glowing silver altar of Zin.
  2178 | D:3      | Became a worshipper of Warmaster Okawaru
  2190 | D:3      | Found a glowing golden altar of the Shining One.
  2659 | D:4      | Noticed vishdafish's ghost (amateur GrFi)
  2687 | D:4      | Killed vishdafish's ghost
  2687 | D:4      | Reached XP level 6. HP: 14/38 MP: 0/6
  2809 | D:4      | Found a staircase to the Ecumenical Temple.
  2841 | D:4      | Noticed Robin
  2889 | D:4      | Killed Robin
  2937 | D:4      | Found a glowing drain.
  3048 | Sewer    | Entered a sewer
  3883 | D:4      | Found an opulent altar of Gozag.
  4005 | D:4      | Reached * piety under Okawaru
  4005 | D:4      | Reached XP level 7. HP: 36/42 MP: 7/7
  4081 | D:4      | Reached skill level 5 in Armour
  4081 | D:4      | Reached skill level 5 in Shields
  4112 | D:4      | Found a burning altar of Makhleb.
  4113 | D:4      | Found a shimmering altar of Xom.
  4314 | D:4      | Reached skill level 1 in Invocations
  4344 | D:4      | Found a basalt altar of Yredelemnul.
  4406 | D:5      | Entered Level 5 of the Dungeon
  4411 | D:5      | Found a radiant altar of Vehumet.
  4529 | D:5      | HP: 1/43 [orc warrior/hand axe (13)]
  5104 | D:5      | Reached skill level 5 in Maces & Flails
  5161 | D:5      | Reached XP level 8. HP: 3/48 MP: 9/9
  5817 | D:5      | Reached ** piety under Okawaru
  5916 | D:6      | Gained mutation: You are weak. (Str -2) [mutagenic meat]
  5994 | D:6      | Lost mutation: You are weak. (Str -2) [potion of mutation]
  5994 | D:6      | Gained mutation: You are somewhat resistant to further mutation. [potion of mutation]
  6174 | D:6      | Reached XP level 9. HP: 44/52 MP: 12/12
  6318 | D:6      | Reached *** piety under Okawaru
  6322 | D:6      | Killed from afar by an orc priest

Skill      XL: |  1  2  3  4  5  6  7  8 |
---------------+-------------------------+-----
Armour         | 4 5 |  5.9
Shields        | 4 5 6 |  6.9
Maces & Flails | 3 4 5 6 |  6.6
Dodging        | 1 2 |  2.6
Fighting       | 4 |  4.8
Invocations    | 2 4 |  4.3
Stealth        | |  0.2

Action                   |  1- 3 |  4- 6 |  7- 9 || total
-------------------------+-------+-------+-------++-------
Melee: Flail             |   150 |   466 |   342 ||   958
  Use: Scroll            |       |     3 |     4 ||     7
       Potion            |       |     5 |     6 ||    11
  Eat: Bread ration      |     1 |     1 |       ||     2
       Chunk             |       |     2 |     1 ||     3
       Meat ration       |       |     1 |     1 ||     2
Armor: Scale mail        |   111 |   309 |   151 ||   571
Dodge: Dodged            |    63 |   183 |   109 ||   355
Block: Shield            |   109 |   317 |   288 ||   714
       Reflection        |       |     1 |       ||     1
